Map: Kairos Junction LE

Players

Parkkatz

  • Race: Zerg Zerg
  • League: Platinum
  • Spawn Location: 11:00

Trinidad - Winner!

  • Race: Protoss Protoss
  • League: Platinum
  • Spawn Location: 5:00

VOD

Have the link to the VOD?

Description

Time

  • Played on: June 30, 2019, 8:43 p.m.
  • Length: 11:04
Show
View Real Time Build Order
Export as new Build Order

Parkkatz Zerg 

Build Orders: Hatch First 

Get SALT Encoding   

  12  0:00  Drone  
  13  0:18  Overlord  
  13  0:19  Drone  
  14  0:36  Drone x2  
  14  0:40  Drone  
  17  0:59  Hatchery  
  17  1:00  Drone  
  17  1:02  Drone  
  18  1:16  Spawning Pool  
  18  1:18  Extractor  
  16  1:20  Drone  
  16  1:23  Drone  
  18  1:34  Drone  
  19  1:44  Overlord  
  19  2:04  Queen  
  19  2:05  Zergling x2  
  19  2:08  Zergling x2  
  23  2:12  Queen  
  23  2:13  Zergling x2  
  26  2:18  Drone  
  26  2:19  Metabolic Boost  
  27  2:23  Drone  
  28  2:33  Drone x2  
  30  2:40  Overlord, Queen  
  32  2:48  Queen  
  34  3:04  Spore Crawler  
  34  3:05  Spore Crawler  
  31  3:08  Drone x5  
  35  3:21  Drone x5  
  40  3:27  Drone  
  41  3:37  Overlord x2  
  41  3:44  Overlord  
  41  3:45  Overlord  
  41  3:55  Queen  
  43  4:03  Queen  
  43  4:09  Drone  
  45  4:11  Drone  
  45  4:13  Overlord, Extractor  
  45  4:15  Drone x2, Extractor  
  45  4:16  Zergling x2, Extractor  
  46  4:17  Zergling x10  
  46  4:24  Drone  
  52  4:28  Overlord  
  52  4:32  Queen  
  51  5:10  Queen  
  53  5:19  Lair  
  49  5:25  Zergling x22  
  49  5:26  Zergling x4  
  61  5:33  Hatchery  
  61  5:34  Drone x2  
  61  5:35  Drone x3  
  65  5:36  Drone  
  65  5:38  Overlord  
  66  5:43  Drone  
  66  5:45  Spore Crawler  
  66  6:00  Overlord x2  
  56  6:21  Hydralisk Den  
  56  6:23  Evolution Chamber  
  56  6:24  Drone x2  
  53  6:27  Drone x2  
  53  6:28  Drone x3  
  53  6:29  Evolution Chamber  
  57  6:37  Queen  
  59  6:49  Zergling x14  
  59  6:52  Lair  
  59  6:53  Zerg Missile Weapons Level 1  
  59  6:54  Baneling Nest  
  65  6:55  Muscular Augments  
  65  6:57  Zerg Ground Armor Level 1  
  65  7:03  Overlord x2  
  65  7:04  Overseer, Overlord  
  65  7:08  Hydralisk x4  
  67  7:14  Drone  
  67  7:15  Drone x2  
  76  7:19  Queen  
  78  7:26  Hydralisk  
  78  7:27  Hydralisk  
  82  7:37  Centrifical Hooks  
  82  7:42  Hydralisk x3  
  82  7:43  Hydralisk  
  90  7:55  Baneling x3  
  90  7:56  Baneling x3  
  90  7:57  Drone x3  
  90  7:58  Drone x3  
  96  8:00  Hydralisk  
  96  8:03  Hydralisk  
  100  8:10  Drone x3  
  100  8:11  Drone  
  104  8:19  Grooved Spines  
  104  8:24  Extractor  
  104  8:25  Spore Crawler, Drone x3  
  104  8:26  Extractor  
  94  8:35  Zergling x20  
  94  8:41  Zergling x4  
  85  8:50  Zergling x12  
  85  8:54  Hydralisk x2  
  85  8:55  Hydralisk  
  85  9:24  Zergling x12  
  77  9:25  Zergling x10  
  77  9:28  Hydralisk  
  77  9:29  Hydralisk x4  
  88  9:35  Hydralisk x2  
  86  9:40  Hydralisk  
  86  9:44  Baneling x2  
  86  9:45  Baneling x5  
  88  9:48  Zergling x10  
  85  9:54  Zergling x8  
  85  9:58  Zergling x4  
  77  10:12  Zergling x2  
  77  10:13  Zergling x10  
  72  10:23  Hydralisk x2  
  76  10:28  Hydralisk  
  76  10:30  Hydralisk  
  76  10:34  Baneling x3  
  77  10:35  Baneling  
  77  10:36  Baneling  
  77  10:38  Baneling  
  77  10:49  Baneling x2  
  79  10:50  Baneling x4  
Show
View Real Time Build Order
Export as new Build Order

Trinidad Protoss - Winner!

Build Orders:  

Get SALT Encoding   

  12  0:00  Probe  
  13  0:16  Pylon  
  13  0:18  Probe  
  14  0:30  Probe  
  15  0:38  Gateway  
  15  0:42  Probe  
  16  0:54  Probe  
  17  1:01  Assimilator  
  17  1:05  Assimilator  
  17  1:06  Probe  
  17  1:10  Pylon  
  18  1:18  Probe  
  19  1:30  Cybernetics Core  
  19  1:31  Probe  
  20  1:40  Zealot  
  20  1:43  Probe  
  23  1:55  Probe  
  24  2:07  Probe  
  25  2:09  Stargate  
  25  2:10  Shield Battery  
  25  2:16  Zealot  
  25  2:20  Probe  
  28  2:31  Pylon  
  28  2:32  Probe  
  29  2:38  Void Ray  
  30  2:44  Probe  
  34  2:59  Pylon  
  34  3:12  Void Ray  
  38  3:47  Nexus  
  38  3:50  Sentry  
  38  4:05  Probe  
  39  4:14  Probe  
  39  4:18  Pylon  
  39  4:22  Warp Gate  
  39  4:23  Probe  
  40  4:27  Robotics Facility  
  40  4:30  Forge  
  41  4:32  Probe  
  41  4:35  Pylon  
  42  4:44  Probe  
  43  4:56  Probe  
  44  5:03  Shield Battery  
  39  5:08  Probe  
  36  5:18  Immortal  
  36  5:20  Probe x2  
  39  5:28  Probe  
  41  5:29  Probe  
  43  5:38  Probe x2  
  45  5:50  Probe  
  45  5:51  Probe  
  45  5:53  Twilight Council  
  45  5:54  Gateway  
  47  5:57  Observer  
  47  6:01  Protoss Ground Weapons Level 1  
  47  6:03  Probe  
  49  6:11  Zealot  
  51  6:20  Charge  
  51  6:28  Probe x2  
  53  6:37  Gateway  
  53  6:38  Probe  
  53  6:39  Gateway  
  53  6:40  Probe  
  53  6:44  Gateway, Pylon  
  53  6:46  Probe  
  55  6:47  Gateway  
  55  6:51  Sentry  
  55  6:52  Sentry, Probe  
  61  7:03  Pylon  
  61  7:12  Gateway  
  61  7:13  Gateway  
  61  7:14  Warp Prism  
  61  7:15  Gateway  
  63  7:21  Sentry x2  
  67  7:37  Gateway  
  67  7:41  Gateway  
  67  7:42  Sentry  
  67  7:43  Sentry x2  
  73  7:45  Zealot x3  
  79  8:12  Zealot x3  
  85  8:13  Zealot  
  87  8:20  Pylon  
  87  8:21  Pylon  
  87  8:24  Pylon  
  67  8:47  Zealot x4  
  67  8:48  Zealot x4  
  77  9:17  Zealot x2  
  77  9:18  Zealot x6  
  77  9:26  Zealot  
  77  9:27  Zealot  
  75  9:37  Zealot x2  
  75  9:38  Zealot  
  75  9:40  Sentry x2  
  79  9:56  Zealot x4  
  81  10:17  Stalker  
  81  10:18  Stalker x3  
  89  10:43  Probe x2  
  89  10:49  Nexus, Pylon  
  91  10:50  Stalker  
  91  10:51  Sentry  
  96  11:02  Zealot x2  
Tags
 
Add a new tag
Caveats
  • Supply blocks, unpowered buildings, or Contaminate may cause inaccurate times.
  • Supply counts are checked every 10 seconds.